 Dungeon Crawl Stone Soup version 0.24.0-37-gcf1ca852f1 (webtiles) character file.

Game seed: 16955558223033570752, levelgen mode: deterministic

399 Descartes the Ducker (level 6, -1/30 HPs)
             Began as a Felid Monk on Dec 5, 2019.
             Killed from afar by an orc wizard (6 damage)
             ... with a magic dart
             ... on level 5 of the Dungeon.
             The game lasted 00:10:53 (6287 turns).

Descartes the Ducker (Felid Monk)                   Turns: 6287, Time: 00:10:54

Health: -1/30      AC:  2    Str:  9    XL:     6   Next: 54%
Magic:  7/7        EV: 23    Int: 11    God:
Gold:   249        SH:  0    Dex: 19    Spells: 5/5 levels left
                                        Lives:  0   Deaths: 2

rFire    . . .     SeeInvis +     - Unarmed
rCold    . . .     Gourm    .   (shield unavailable)
rNeg     . . .     Faith    .   (armour unavailable)
rPois    .         Spirit   .   (helmet unavailable)
rElec    .         Reflect  .   (cloak unavailable)
rCorr    .         Harm     .   (gloves unavailable)
MR       .....                  (boots unavailable)
Stlth    ++++......             (no amulet)
HPRegen  0.10/turn              (no ring)
MPRegen  0.10/turn              (no ring)

@: quick
A: very small, no armour, no weapons or thrown items, stealth, claws 1, fangs 3,
see invisible, carnivore, speed 1, shaggy fur 2, slow metabolism 1, sharp paws
a: no special abilities


You were on level 5 of the Dungeon.
You were completely stuffed.

You visited 1 branch of the dungeon, and saw 5 of its levels.

You collected 249 gold pieces.

Inventory:

Missiles
 b - 129 stones
 d - 68 arrows
Wands
 q - a wand of polymorph (7)
Scrolls
 c - 6 scrolls of identify {unknown}
 f - 2 scrolls of blinking {unknown}
 g - 2 scrolls of amnesia {unknown}
 h - a scroll of fear {unknown}
 j - 3 scrolls of remove curse {unknown}
 k - a scroll of enchant armour {unknown}
 m - 2 scrolls of teleportation {unknown}
 n - a scroll of magic mapping {unknown}
Potions
 e - a potion of curing
 i - 4 potions of lignification {unknown}
 l - 2 potions of heal wounds {unknown}
 p - a potion of agility {unknown}
Comestibles
 a - 23 rations


   Skills:
 + Level 5.0 Fighting
 + Level 6.5 Dodging
 + Level 6.2 Stealth
 * Level 6.5 Unarmed Combat


You had 5 spell levels left.
You didn't know any spells.
Your spell library was empty.

Dungeon Overview and Level Annotations

Branches:
Dungeon (5/15)             Temple (0/1) D:5

Altars:
Fedhas
Zin

Shops:
D:4 *

Annotations:
D:4 1 runed translucent door, Crazy Yiuf


Innate Abilities, Weirdness & Mutations

You cannot wear armour.
You are incapable of wielding weapons or throwing items.
Your paws allow you to move quietly. (Stealth)
You have sharp claws.
You have razor-sharp teeth.
You have supernaturally acute eyesight. (SInv)
You are carnivorous and can eat meat at any time.
You cover ground quickly.
You are covered in thick fur. (AC +2)
You have a slow metabolism.
Your sharp claws are effective at attacking unaware monsters.


Message History

Ouch! That really hurt!
The orc wizard points at you and mumbles some strange words.
The magic dart hits you.
* * * LOW HITPOINT WARNING * * *
The orc wizard hits you with a cursed +0 dagger.
* * * LOW HITPOINT WARNING * * *
The orc priest looks encouraged for a moment.
You see here a jackal skeleton.
The orc wizard casts a spell at you. The magic dart hits you.
* * * LOW HITPOINT WARNING * * *
The orc wizard mumbles some strange words.
The orc wizard blinks!
The orc wizard casts a spell.
The orc wizard blinks!
There is a stone staircase leading up here.
The orc wizard closely misses you. The orc wizard casts a spell at you.
The magic dart hits you.
You die...

... .. #. #.#
###..### #......#
#......## #.(..@..#
.# #....o..# #.#
#.......# #.#
#.....s.# #.#
#.......# #.#
#.......###.#
#...........#
#.......##..#
#.......##..########


You could see an orc wizard and a giant cockroach.

Vanquished Creatures
  Grinder (D:3)
  A sky beast (D:5)
  An ogre (D:4)
  2 hounds
  2 jellies (D:5)
  Jessica (D:2)
  An iguana (D:4)
  2 worker ants (D:4)
  Natasha (D:2)
  3 gnolls (D:2)
  11 adders
  2 shadow imps (D:4)
  An ooze (D:3)
  An adder skeleton (D:5)
  6 worms
  2 dart slugs
  5 leopard geckos
  15 orcs
  3 ball pythons
  9 bats
  4 giant cockroaches
  16 goblins
  8 hobgoblins
  10 jackals
  3 quokkas
  5 frilled lizards
  8 kobolds
  16 rats
140 creatures vanquished.

Notes
Turn   | Place    | Note
-------+----------+-------------------------------------------
     0 | D:1      | Descartes the Felid Monk began the quest for the Orb.
     0 | D:1      | Reached XP level 1. HP: 10/10 MP: 2/2
   413 | D:1      | Reached XP level 2. HP: 10/14 MP: 3/3
  1009 | D:1      | Reached XP level 3. HP: 17/17 MP: 4/4
  1315 | D:2      | Noticed Jessica
  1320 | D:2      | Killed Jessica
  1320 | D:2      | Reached XP level 4. HP: 21/21 MP: 5/5
  2408 | D:2      | Reached XP level 5. HP: 25/25 MP: 6/6
  2754 | D:3      | Reached skill level 5 in Dodging
  3320 | D:3      | Noticed Grinder
  3334 | D:3      | Killed Grinder
  3334 | D:3      | Reached skill level 5 in Stealth
  3334 | D:3      | Reached skill level 5 in Unarmed Combat
  3334 | D:3      | Gained mutation: You are covered in thick fur. (AC +2)
                  | [Felid growth]
  3334 | D:3      | Reached XP level 6. HP: 28/28 MP: 7/7
  3340 | D:3      | Noticed Natasha
  3353 | D:2      | Killed Natasha
  4377 | D:4      | Reached XP level 7. HP: 33/33 MP: 8/8
  4518 | D:4      | Found a blossoming altar of Fedhas.
  4596 | D:4      | Killed from afar by an orc priest
  4597 | D:4      | Reached XP level 6. HP: -5/29 MP: 7/7
  4620 | D:4      | Found Zin's Purification Station.
  4624 | D:4      | Found a glowing silver altar of Zin.
  4685 | D:4      | Found a runed translucent door.
  4686 | D:4      | Noticed Crazy Yiuf
  5119 | D:5      | Entered Level 5 of the Dungeon
  5119 | D:5      | Found a staircase to the Ecumenical Temple.
  5506 | D:4      | Slain by a phantom
  5507 | D:4      | Reached XP level 5. HP: 0/25 MP: 6/6
  5904 | D:5      | Reached XP level 6. HP: 12/30 MP: 7/7
  6104 | D:5      | Noticed a sky beast
  6123 | D:5      | Killed a sky beast
  6130 | D:5      | Reached skill level 5 in Fighting
  6240 | D:5      | Noticed a +0 dagger
  6241 | D:5      | Noticed a +0 hand axe
  6287 | D:5      | Killed from afar by an orc wizard

Levels and vault maps discovered:
D:1:      elethiomel_arrival_quiet, layout_loops_ring
D:2:      layout_loops_ring, uniq_jessica
D:3:      layout_rooms, dk_noncrumbling_2, uniq_grinder, uniq_natasha
D:4:      layout_loops_ring, zin_purify, nicolae_overflow_crystal_walls,
          first_ration, minmay_misc_feat_columns, minmay_misc_feat_more_columns,
          wad_floor_pattern_1, minmay_goblin_outpost, uniq_crazy_yiuf_cottage
D:5:      layout_basic, dancing_weapons_uskayaw, minmay_temple_entry_overgrown,
          nicolae_ru_great_annihilating_truth

Skill      XL: |  1  2  3  4  5  6  7 |
---------------+----------------------+-----
Stealth        | 3 4 6 |  6.2
Unarmed Combat | 4 5 6 |  6.5
Dodging        | 5 6 |  6.5
Fighting       | 4 5 |  5.0

Action                   |  1- 3 |  4- 6 |  7- 9 || total
-------------------------+-------+-------+-------++-------
Melee: Unarmed           |    85 |   283 |    33 ||   401
       Bite              |     6 |    23 |     5 ||    34
       Punch             |       |     4 |       ||     4
  Use: Potion            |       |     1 |       ||     1
 Stab: Sleeping          |     8 |    23 |     2 ||    33
       Distracted        |       |     2 |       ||     2
  Eat: Chunk             |     8 |    20 |     1 ||    29
Armor: Skin              |     3 |     7 |       ||    10
Dodge: Dodged            |    90 |   220 |    20 ||   330
